Map: Beladona LE

Players

LowLinK

  • Race: Protoss Protoss
  • League: Diamond
  • Spawn Location: 11:00

ProXL

  • Race: Zerg Zerg
  • League: Diamond
  • Spawn Location: 5:00

VOD

Have the link to the VOD?

Description

Time

  • Played on: Feb. 18, 2020, 9:13 p.m.
  • Length: 1:57
Show
View Real Time Build Order
Export as new Build Order

LowLinK Protoss 

Build Orders:  

Get SALT Encoding   

  12  0:02  Probe  
  13  0:15  Probe  
  14  0:27  Probe  
  15  0:51  Pylon  
  15  1:18  Probe  
  16  1:30  Probe  
  17  1:35  Pylon  
  17  1:57  Gateway  
Show
View Real Time Build Order
Export as new Build Order

ProXL Zerg 

Build Orders: Pool First 

Get SALT Encoding   

  12  0:17  Spawning Pool  
  11  0:22  Drone  
  11  0:27  Drone  
  13  0:31  Drone  
  14  0:41  Overlord  
  14  1:04  Queen  
  14  1:06  Zergling x6  
  19  1:18  Drone  
  20  1:28  Drone  
  21  1:34  Extractor  
  21  1:36  Extractor  
  19  1:40  Hatchery  
  19  1:43  Drone  
Tags
 
Add a new tag
Caveats
  • Supply blocks, unpowered buildings, or Contaminate may cause inaccurate times.
  • Supply counts are checked every 10 seconds.